 Dungeon Crawl Stone Soup version 0.27.1-33-g824d729ab1 (webtiles) character file.

Game seed: 12355187601341711810

23 vvl the Bolt Thrower (level 3, -6/22 HPs)
             Began as a Kobold Hunter on Dec 10, 2021.
             Was a Follower of Wu Jian.
             Mangled by a gnoll (8 damage)
             ... on level 1 of the Dungeon.
             The game lasted 00:02:14 (898 turns).

vvl the Bolt Thrower (Kobold Hunter)                 Turns: 898, Time: 00:02:15

Health: -6/22      AC:  4    Str: 10    XL:     3   Next: 12%
Magic:  3/3        EV: 14    Int: 12    God:    Wu Jian [*.....]
Gold:   23         SH:  0    Dex: 15    Spells: 2/2 levels left

rFire    . . .     SeeInvis .   b - +0 short sword
rCold    . . .     Faith    .   (shield restricted)
rNeg     . . .     Spirit   .   c - +0 leather armour
rPois    .         Reflect  .   (no helmet)
rElec    .         Harm     .   (no cloak)
rCorr    .         Rampage  .   (no gloves)
Will     .....                  g - +0 pair of boots
Stlth    +++.......             (no amulet)
HPRegen  0.07/turn              (no ring)
MPRegen  0.08/turn              (no ring)

@: no status effects
A: small, no large weapons, nightstalker 3
a: Renounce Religion


You were on level 1 of the Dungeon.
You worshipped Wu Jian.
Wu Jian was aware of your devotion.
You visited 1 branch of the dungeon, and saw 1 of its levels.

You collected 23 gold pieces.

Inventory:

Hand Weapons
 a - a +1 hand crossbow
 b - a +0 short sword (weapon)
Missiles
 d - 48 bolts
 f - a throwing net (quivered)
Armour
 c - a +0 leather armour (worn)
 g - a +0 pair of boots (worn)
Scrolls
 h - a scroll of enchant armour {unknown}
Potions
 e - a potion of might {unknown}
 i - 2 potions of flight {unknown}


   Skills:
 + Level 2.4 Fighting
 + Level 1.0 Short Blades
 + Level 5.1 Crossbows
 + Level 0.5 Armour
 + Level 2.6 Dodging
 + Level 2.0 Stealth
 + Level 0.4 Spellcasting


You had 2 spell levels left.
You didn't know any spells.
Your spell library was empty.

Dungeon Overview and Level Annotations

Branches:
Dungeon (1/15)

Altars:
Wu Jian


Innate Abilities, Weirdness & Mutations

You are small and have problems with some larger weapons.
You are completely attuned to the shadows.


Message History

A gnoll is nearby!
You lunge at the gnoll.
You barely miss the gnoll. The gnoll hits you with a +0 spear.
You closely miss the gnoll. The gnoll hits you with a +0 spear.
You hit the gnoll but do no damage. The gnoll hits you with a +0 spear.
You hit the gnoll.
The gnoll is lightly wounded.
The gnoll hits you with a +0 spear.
You are too injured to fight recklessly!
You are too injured to fight recklessly!
You are too injured to fight recklessly!
You are too injured to fight recklessly!
You spin and attack the gnoll.
You hit the gnoll.
The gnoll is moderately wounded.
The gnoll closely misses you.
You hit the gnoll.
The gnoll is moderately wounded.
The gnoll closely misses you.
You hit the gnoll.
The gnoll is heavily wounded.
The gnoll misses you.
You closely miss the gnoll.
The gnoll is heavily wounded.
The gnoll barely misses you.
You hit the gnoll but do no damage.
The gnoll is heavily wounded.
The gnoll hits you with a +0 spear.
You barely miss the gnoll.
The gnoll is heavily wounded.
The gnoll completely misses you.
You hit the gnoll but do no damage.
The gnoll is heavily wounded.
The gnoll hits you with a +0 spear.
* * * LOW HITPOINT WARNING * * *
You barely miss the gnoll.
The gnoll is heavily wounded.
The gnoll hits you with a +0 spear.
* * * LOW HITPOINT WARNING * * *
The gnoll hits you with a +0 spear!
You die...

#####....#
#...
#.........
#...
#.†..PP...
###.
#...♣≈♣...
#.
#..≈♣♣♣♣..
#.
#...♣≈≈..
#.
#........
#.
#........
#.
#...@g...
#.
#........
##
#........
#........
#########


You could see a gnoll.

Vanquished Creatures
  2 dart slugs (D:1)
  2 bats (D:1)
  3 endoplasms (D:1)
  2 goblins (D:1)
  3 hobgoblins (D:1)
  A quokka (D:1)
  2 ball pythons (D:1)
  A frilled lizard (D:1)
  A rat (D:1)
17 creatures vanquished.

Notes
Turn   | Place    | Note
-------+----------+-------------------------------------------
     0 | D:1      | vvl the Kobold Hunter began the quest for the Orb.
     0 | D:1      | Reached XP level 1. HP: 12/12 MP: 1/1
    68 | D:1      | Reached skill level 5 in Crossbows
   265 | D:1      | Reached XP level 2. HP: 17/17 MP: 2/2
   835 | D:1      | Found a faded altar of an unknown god.
   845 | D:1      | Became a worshipper of the Wu Jian Council
   845 | D:1      | Reached * piety under Wu Jian
   857 | D:1      | Reached skill level 1 in Short Blades
   857 | D:1      | Reached XP level 3. HP: 22/22 MP: 3/3
   898 | D:1      | Mangled by a gnoll

Illustrated notes

Levels and vault maps discovered:
D:1:      dpeg_arrival_concentric_ovals, layout_basic,
          hellmonk_ecumenical_altar_run_dry, serial_bayou_pond_d

Skill      XL: |  1  2 |
---------------+-------+-----
Crossbows      | 5 |  5.1
Stealth        | 2 |  2.0
Short Blades   | 1 |  1.0
Fighting       | |  2.4
Armour         | |  0.5
Dodging        | |  2.6
Spellcasting   | |  0.4

Action                   || total
-------------------------++-------
Melee: Short sword       ||    54
Invok: Lunge             ||     1
       Whirlwind         ||     1
 Stab: Sleeping          ||     9
Armor: Leather armour    ||     5
Dodge: Dodged            ||    26
